 Dungeon Crawl Stone Soup version 0.28.0-53-g5a82cb258f (webtiles) character file.

Game seed: 13382483754117654718

212 jiml777 the Digger (level 5, -3/28 HPs)
             Began as a Gargoyle Earth Elementalist on June 8, 2022.
             Was an Initiate of Cheibriados.
             Frozen to death by an endoplasm (4 damage)
             ... on level 4 of the Dungeon.
             The game lasted 00:13:54 (3546 turns).

jiml777 the Digger (Gargoyle Earth Elementalist)    Turns: 3546, Time: 00:13:55

Health: -3/28      AC:  9    Str: 18    XL:     5   Next: 90%
Magic:  8/9        EV: 12    Int: 19    God:    Cheibriados [......]
Gold:   57         SH:  5    Dex: 11    Spells: 9/10 levels left

rFire   . . .      SeeInvis .   v - +0 rapier
rCold   . . .      Faith    .   (no shield)
rNeg    + . .      Spirit   .   y - +0 leather armour
rPois   ∞          Reflect  +   w - +0 helmet
rElec   +          Harm     .   s - +0 cloak
rCorr   .          Rampage  .   (no gloves)
Will    .....                   (no boots)
Stlth   ++........              o - amulet of reflection
HPRegen 0.09/turn               b - +6 ring of strength
MPRegen 0.11/turn               t - +4 ring of slaying

@: hasted, very quick
A: sickness immunity, AC +4, negative energy resistance 1, electricity
resistance, torment resistance 1, petrification resistance, talons 2, devolution
1
a: Renounce Religion


You were on level 4 of the Dungeon.
You worshipped Cheibriados.
Cheibriados was noncommittal.
You visited 2 branches of the dungeon, and saw 5 of its levels.

You collected 121 gold pieces.
You spent 64 gold pieces at shops.

Inventory:

Hand Weapons
 d - a +0 mace
 v - a +0 rapier (weapon)
Missiles
 c - 121 stones
 k - 33 arrows
 n - 14 sling bullets
 r - 5 curare-tipped darts
 u - 11 bolts
Armour
 m - a +0 robe
 s - a +0 cloak (worn)
 w - a +0 helmet (worn)
 y - a +0 leather armour (worn)
Jewellery
 b - a +6 ring of strength (left hand)
 o - an amulet of reflection (around neck)
 t - a +4 ring of slaying (right hand)
Wands
 l - a wand of polymorph (9)
Scrolls
 f - a scroll of amnesia
 h - a scroll of enchant armour {unknown}
 i - a scroll of immolation {unknown}
 j - 2 scrolls of identify {unknown}
 p - a scroll of blinking {unknown}
 q - a scroll of teleportation {unknown}
Potions
 g - a potion of heal wounds {unknown}


   Skills:
 + Level 0.7 Fighting
 + Level 1.2 Short Blades
 + Level 0.9 Maces & Flails
 + Level 2.6 Dodging
 + Level 2.6 Stealth
 + Level 1.4 Shields
 + Level 3.2 Spellcasting
 + Level 0.7 Transmutations
 + Level 4.6 Earth Magic


You had 9 spell levels left.
You knew the following spells:

 Your Spells              Type           Power      Damage    Failure   Level
a - Sandblast             Erth           40%        2d10      2%          1

Your spell library contained the following spells:

 Spells                   Type           Power      Damage    Failure   Level
 Passwall                 Tmut/Erth      10%        N/A       9%          2
 Stone Arrow              Conj/Erth      22%        3d8       21%         3
 Petrify                  Tmut/Erth      13%        N/A       52%         4


Dungeon Overview and Level Annotations

Branches:
Dungeon (4/15)             Temple (1/1) D:4

Altars:
Cheibriados
Dithmenos
Hepliaklqana
Kikubaaqudgha
Nemelex Xobeh
Okawaru
Sif Muna
Uskayaw
Vehumet
Wu Jian
Yredelemnul
Zin

Shops:
D:3 (

Annotations:
D:4 Menkaure


Innate Abilities, Weirdness & Mutations

You are immune to sickness and miasma.
Your stone body is resilient. (AC +4)
You are immune to poison.
You resist negative energy. (rN+)
You are resistant to electric shocks. (rElec)
You are resistant to unholy torment.
You are immune to petrification.
You have razor-sharp toenails.
You have hidden genetic defects.


Message History

Menkaure shouts!
A quokka comes into view.
An endoplasm comes into view.
Menkaure calls on the powers of darkness!
Your body is wracked with pain!
The quokka convulses!
The endoplasm convulses!
You see here a +0 whip.
You hit Menkaure but do no damage. Menkaure hits you!
Ouch! That really hurt!
* * * LOW HITPOINT WARNING * * *
It was a potion of mutation.
You feel extremely strange.
Your toenails lengthen and sharpen.
You feel a hidden malignance growing inside you.
Your toenails lengthen and sharpen.
Menkaure barely misses you.
You feel better.
As you read the scroll labelled WORIKE SUNOR, it crumbles to dust.
It is a scroll of amnesia.
Really abort (and waste the scroll)?
Okay, then.
Menkaure casts a spell at you. Pain shoots through your body!
Casting: Sandblast (safe; 2% risk of failure)
Confirm with . or Enter, or press ? or * to list all spells.
Aiming: Sandblast (safe; 2% risk of failure)
Press: ? - help, Shift-Dir - straight line, f - Menkaure
Aim: Menkaure (91% to hit)
The blast of sand hits Menkaure!
Menkaure is heavily damaged.
The quokka barely misses you. Menkaure hits you!
* * * LOW HITPOINT WARNING * * *
You feel better.
The quokka bites you but does no damage.
Menkaure hits you!
Ouch! That really hurt!
* * * LOW HITPOINT WARNING * * *
The quokka barely misses you.
It was a potion of haste.
You feel yourself speed up.
Cheibriados forgives your accidental hurry, just this once.
The endoplasm freezes you.
You are frozen.
You die...

# .# # .# # ####### .# #
#..P..## .# # #.P.P..#
.# # #..>...# .#
######.PP...#####J####..
................@M......
#................r......
#..#################.#.#
#..# # #..# #..# ...#
...# ####


You could see Menkaure, an endoplasm and a quokka.

Vanquished Creatures
  Eustachio (D:4)
  A hound skeleton (D:4)
  3 gnolls
  A dart slug (D:2)
  A ball python (D:3)
  3 bats (D:2)
  5 endoplasms
  A giant cockroach (D:1)
  5 goblins
  6 hobgoblins
  A quokka (D:2)
  A frilled lizard (D:2)
  3 kobolds
  2 rats (D:3)
34 creatures vanquished.

Vanquished Creatures (others)
  A plant (D:4)
1 creature vanquished.

Grand Total: 35 creatures vanquished

Notes
Turn   | Place    | Note
-------+----------+-------------------------------------------
     0 | D:1      | jiml777 the Gargoyle Earth Elementalist began the quest for
                  | the Orb.
     0 | D:1      | Reached XP level 1. HP: 10/10 MP: 3/3
   271 | D:1      | Found a faded altar of an unknown god.
   437 | D:1      | Reached skill level 4 in Earth Magic
   437 | D:1      | Reached XP level 2. HP: 15/15 MP: 5/5
  1373 | D:2      | Found a radiant altar of Vehumet.
  1851 | D:2      | Reached XP level 3. HP: 10/19 MP: 2/7
  2304 | D:3      | Noticed a +0 spear
  2311 | D:3      | Found a hide-covered altar of Uskayaw.
  2311 | D:3      | Noticed a +0 falchion
  2311 | D:3      | Noticed a +0 short sword
  2312 | D:3      | Noticed a +0 dagger
  2312 | D:3      | Noticed a +0 spear
  2313 | D:3      | Noticed a +0 dagger
  2313 | D:3      | Noticed a +0 short sword
  2314 | D:3      | Noticed a +0 falchion
  2327 | D:3      | Reached XP level 4. HP: 23/24 MP: 4/8
  2928 | D:3      | Found Ati Weho's Antique Weapon Shoppe.
  2969 | D:3      | Bought a rapier for 64 gold pieces
  3011 | D:4      | Noticed Eustachio
  3059 | D:4      | Killed Eustachio
  3060 | D:4      | Reached skill level 1 in Short Blades
  3060 | D:4      | Reached skill level 1 in Shields
  3060 | D:4      | Reached XP level 5. HP: 9/28 MP: 7/9
  3300 | D:4      | Found a staircase to the Ecumenical Temple.
  3309 | Temple   | Entered the Ecumenical Temple
  3406 | Temple   | Became a worshipper of Cheibriados the Contemplative
  3536 | D:4      | Noticed Menkaure
  3541 | D:4      | Gained mutation: You have sharp toenails. [potion of
                  | mutation]
  3541 | D:4      | Gained mutation: You have hidden genetic defects. [potion
                  | of mutation]
  3541 | D:4      | Gained mutation: You have razor-sharp toenails. [potion of
                  | mutation]
  3545 | D:4      | HP: 1/28 [Menkaure (14)]
  3546 | D:4      | Frozen to death by an endoplasm

Illustrated notes

Levels and vault maps discovered:
D:1:      dpeg_arrival_morbid_curiosity, layout_rooms,
          ebering_ecumenical_altar_rust, serial_curves, eino_curves_04,
          eino_curves_01, chequers_big_river
D:2:      layout_basic, basic_altar, kennysheep_cross_room,
          nicolae_elevator_lobby_asterisk
D:3:      layout_loops_cross, nicolae_uskayaw_en_pointe, serial_shops, shop,
          grunt_ministairs_10
D:4:      layout_loops_ring, nicolae_tso_besieged_by_evil,
          minmay_temple_entry_overgrown, serial_shops,
          nicolae_shop_hallway_stairs, uniq_eustachio, uniq_menkaure,
          uniq_natasha
Temple:   grunt_temple_mini_profane

Skill      XL: |  1  2  3  4 |
---------------+-------------+-----
Earth Magic    | 4 |  4.6
Dodging        | 2 |  2.6
Spellcasting   | 3 |  3.2
Short Blades   | 1 |  1.2
Shields        | 1 |  1.4
Fighting       | |  0.7
Maces & Flails | |  0.9
Stealth        | |  2.6
Transmutations | |  0.7

Action                   |  1- 3 |  4- 6 || total
-------------------------+-------+-------++-------
Melee: Mace              |    11 |     6 ||    17
       Unarmed           |     1 |       ||     1
       Rapier            |       |    44 ||    44
       Punch             |       |     1 ||     1
 Cast: Sandblast         |    35 |     8 ||    43
  Use: Potion            |       |     5 ||     5
       Scroll            |       |     1 ||     1
 Stab: Sleeping          |       |     1 ||     1
Armor: Robe              |     6 |    38 ||    44
       Leather armour    |       |     4 ||     4
Dodge: Dodged            |    21 |    66 ||    87
Block: Other             |     4 |    33 ||    37
